 Dungeon Crawl Stone Soup version 0.26-a0-651-gb41185065b (webtiles) character file.

Game seed: 8187611177612321606

2687 loralnil the Ruffian (level 9, -5/89 HPs)
             Began as a Troll Monk on Oct 16, 2020.
             Slain by a two-headed ogre
             ... wielding a +0 giant spiked club
              (10 damage)
             ... on level 8 of the Dungeon.
             The game lasted 00:09:15 (5035 turns).

loralnil the Ruffian (Troll Monk)                   Turns: 5035, Time: 00:09:16

Health: -5/89      AC:  6    Str: 22    XL:     9   Next: 38%
Magic:  8/8        EV: 14    Int:  6    God:
Gold:   383        SH:  0    Dex: 20    Spells: 8/8 levels left

rFire    . . .     SeeInvis .     - Unarmed
rCold    . . .     Faith    .   (no shield)
rNeg     . . .     Spirit   .   a - +0 robe
rPois    .         Reflect  .   (helmet restricted)
rElec    .         Harm     .   (no cloak)
rCorr    .         Rampage  .   (gloves unavailable)
MR       +....                  (boots unavailable)
Stlth    +++.......             q - amulet of regeneration
HPRegen  1.04/turn              m - +6 ring of dexterity
MPRegen  0.11/turn              n - ring of protection from magic

@: no status effects
A: large, unfitting armour, claws 3, regeneration 1, shaggy fur 1, tough skin 3
a: no special abilities


You were on level 8 of the Dungeon.
You visited 1 branch of the dungeon, and saw 8 of its levels.
You also visited: Sewer.

You collected 383 gold pieces.

Inventory:

Armour
 a - a +0 robe (worn)
Jewellery
 m - a +6 ring of dexterity (left claw)
 n - a ring of protection from magic (right claw)
 q - an amulet of regeneration (around neck)
 B - an uncursed ring of flight
Wands
 t - a wand of digging (5)
 x - a wand of polymorph (10)
Scrolls
 c - 3 scrolls of remove curse {unknown}
 f - 2 scrolls of noise {unknown}
 g - 5 scrolls of blinking {unknown}
 j - a scroll of amnesia {unknown}
 k - 2 scrolls of teleportation {unknown}
 o - a scroll of enchant weapon
 p - 2 scrolls of random uselessness {unknown}
 s - 3 scrolls of enchant armour {unknown}
 v - a scroll of fear {unknown}
 y - a scroll of magic mapping {unknown}
Potions
 b - 5 potions of lignification
 d - 9 potions of heal wounds
 e - 4 potions of brilliance
 h - 2 potions of berserk rage
 i - 6 potions of curing
 l - a potion of magic
 r - 4 potions of stabbing
 u - a potion of ambrosia
 w - a potion of degeneration {unknown}
 z - a potion of flight {unknown}
 A - 2 potions of might
 C - a potion of haste {unknown}


   Skills:
 + Level 5.9 Fighting
 + Level 5.9 Dodging
 + Level 4.1 Stealth
 + Level 7.1 Unarmed Combat


You had 8 spell levels left.
You didn't know any spells.
Your spell library contained the following spells:

 Spells                   Type           Power        Failure   Level
 Magic Dart               Conj           #...         45%         1
 Searing Ray              Conj           #.....       58%         2
 Dazzling Flash           Conj/Hex       #.....       83%         3
 Fulminant Prism          Conj/Hex       #.........   99%         4
 Iskenderun's Mystic Bla  Conj/Tloc      #.......     99%         4


Dungeon Overview and Level Annotations

Branches:
Dungeon (8/15)              Sewer (visited)
 Temple: D:4-7         Lair: D:8-11

Altars:
Sif Muna
Beogh

Shops:
D:4 }   D:6 [

Annotations:
D:7 3 runed translucent doors, PanSaczeczos's ghost, novice OpCj


Innate Abilities, Weirdness & Mutations

You are too large for most types of armour.
You have claws for hands.
Your natural rate of healing is unusually fast.
You are covered in fur. (AC +1)
You have extremely tough skin. (AC +3)


Message History

Items here: )) [[.
Items here: )) [[.
You mangle the gnoll!!
You kill the gnoll!
You mangle the two-headed ogre!!
The two-headed ogre is moderately wounded.
The two-headed ogre hits you with a +0 giant spiked club!
The two-headed ogre misses you.
You claw the two-headed ogre!
The two-headed ogre is heavily wounded.
The two-headed ogre hits you with a +0 giant spiked club. x2
* * * LOW HITPOINT WARNING * * *
You claw the two-headed ogre!
The two-headed ogre is severely wounded.
You barely miss the two-headed ogre.
The two-headed ogre is severely wounded.
The two-headed ogre hits you with a +0 giant spiked club!!
* * * LOW HITPOINT WARNING * * *
The two-headed ogre hits you with a +0 giant spiked club!
You die...

.......(......#.O...#.#
#.#...###
......####+#####.####.#
#...### # ........
#...##.# ##### #
######.# ###.##.# ######
.# #...# #...... #.###
#.##### #)# # . #O# .#
##.#.### #@# ##.
........ #.# #.. ..#....
#######.###.############
.............#...[.# #
#######.###..#.###.#####
#......#.# #.....#
#...)..#.# #####.#
#.....##)# #..
###.....)# #.#


You could see a two-headed ogre.

Vanquished Creatures
  A wyvern (D:8)
  A sky beast (D:7)
  2 phantoms
  2 ice beasts
  An orc warrior (D:6)
  4 ogres
  A necrophage (D:5)
  A centaur (D:6)
  A bullfrog (D:6)
  2 big kobolds (Sewer)
  3 scorpions
  4 wights (D:8)
  5 killer bees (D:7)
  A howler monkey (D:5)
  2 hounds
  A bullfrog zombie (D:6)
  A jelly (D:8)
  4 orc priests
  An orc wizard (D:6)
  2 iguanas (D:5)
  2 worker ants
  2 gnolls (D:8)
  16 adders
  A howler monkey skeleton (D:6)
  6 river rats (Sewer)
  A shadow imp (D:5)
  3 white imps
  3 oozes
  2 adder skeletons (D:6)
  4 worms
  A dart slug (D:4)
  4 leopard geckos
  12 orcs
  8 ball pythons
  4 giant cockroaches (D:6)
  9 goblins
  6 hobgoblins
  4 jackals (D:5)
  3 quokkas
  4 bats
  9 frilled lizards
  18 kobolds
  2 leopard gecko skeletons
  A quokka zombie (D:5)
  23 rats
188 creatures vanquished.

Notes
Turn   | Place    | Note
-------+----------+-------------------------------------------
     0 | D:1      | loralnil the Troll Monk began the quest for the Orb.
     0 | D:1      | Reached XP level 1. HP: 22/22 MP: 0/0
   414 | D:1      | Reached XP level 2. HP: 29/29 MP: 1/1
   730 | D:2      | Reached XP level 3. HP: 28/36 MP: 2/2
  1012 | D:2      | Found a shimmering blue altar of Sif Muna.
  1141 | D:2      | Reached XP level 4. HP: 33/44 MP: 3/3
  2095 | D:4      | Reached XP level 5. HP: 53/53 MP: 4/4
  2175 | D:4      | Noticed an ogre
  2192 | D:4      | Killed an ogre
  2192 | D:4      | Reached skill level 4 in Unarmed Combat
  2193 | D:4      | Found Naetol's Gadget Emporium.
  2205 | D:4      | Reached XP level 6. HP: 57/61 MP: 5/5
  2551 | D:5      | Entered Level 5 of the Dungeon
  2729 | D:5      | Reached XP level 7. HP: 66/68 MP: 6/6
  2911 | D:5      | Reached skill level 5 in Unarmed Combat
  3313 | D:6      | Found a glowing drain.
  3340 | Sewer    | Entered a sewer
  3579 | Sewer    | Reached XP level 8. HP: 74/79 MP: 7/7
  4086 | D:6      | Found Edymareu's Armour Shoppe.
  4094 | D:6      | Reached skill level 6 in Unarmed Combat
  4109 | D:6      | Reached skill level 5 in Dodging
  4150 | D:6      | Reached skill level 5 in Fighting
  4370 | D:7      | Identified the cursed +0 plate armour "Ajeysyt" {*Slow
                  | Dex-4 SInv Stlth+}
  4413 | D:7      | Found a runed translucent gate.
  4414 | D:7      | Found a runed translucent gate.
  4415 | D:7      | Found a runed translucent gate.
  4415 | D:7      | Noticed PanSaczeczos's ghost (novice OpCj)
  4420 | D:7      | Found a roughly hewn altar of Beogh.
  4594 | D:7      | Reached XP level 9. HP: 69/88 MP: 8/8
  4893 | D:8      | Reached skill level 7 in Unarmed Combat
  4999 | D:8      | Noticed a two-headed ogre
  5035 | D:8      | Slain by a two-headed ogre

Illustrated notes

Levels and vault maps discovered:
D:1:      scummos_arrival_gate, layout_loops_ring, minmay_misc_feat_chi,
          minmay_tetromino_s4
D:2:      layout_loops_cross, general_overflow_altar, hangedman_glass_teeth,
          minmay_misc_feat_x, minmay_misc_feat_pillars
D:3:      layout_basic
D:4:      layout_basic, serial_shops, nicolae_shop_stone
D:5:      layout_basic
D:6:      layout_basic, serial_shops, shop, serial_glass, glass_columns_a,
          glass_columns_a, glass_columns_b, glass_columns_c, glass_columns_b,
          glass_columns_b, glass_columns_c, glass_columns_b,
          gup_sewer_entry_pipe
D:7:      layout_basic, minmay_temple_entry_glassed_door,
          biasface_ghost_orc_armoury
D:8:      minmay_the_grid_triangle_9x9_recursive_2
          [minmay_the_grid_triangle_9x9_prize_top_heavy,
          minmay_the_grid_triangle_9x9_longest,
          minmay_the_grid_triangle_9x9_negative_grid,
          minmay_the_grid_triangle_9x9_skeleton], layout_basic, uniq_psyche

Skill      XL: |  1  2  3  4  5  6  7  8  9 |
---------------+----------------------------+-----
Fighting       | 3 4 5 |  5.9
Dodging        | 3 4 5 |  5.9
Stealth        | 2 3 4 |  4.1
Unarmed Combat | 4 5 6 7 |  7.1

Action                   |  1- 3 |  4- 6 |  7- 9 || total
-------------------------+-------+-------+-------++-------
Melee: Unarmed           |    79 |   117 |   335 ||   531
       Punch             |     1 |     2 |    15 ||    18
  Use: Scroll            |     4 |     2 |     4 ||    10
 Stab: Sleeping          |     3 |     4 |     9 ||    16
Armor: Robe              |    23 |    37 |    85 ||   145
Dodge: Dodged            |    54 |    64 |   238 ||   356

Table legend: (Time is in decaauts)
 A = Elapsed time spent in this place.
 B = Non-inter-level travel time spent in this place.
 C = Inter-level travel time spent in this place.
 D = Time resting spent in this place.
 E = Time spent auto-exploring this place.
 F = Levels seen in this place.
 G = Mean time per level.
                   A        B        C        D        E       F      G
               +--------+--------+--------+--------+--------+-----+--------+
         Total |   5004 |   4874 |    130 |      0 |   3645 |   9 |  556.0 |
       Dungeon |   4456 |   4326 |    130 |      0 |   3306 |   8 |  557.0 |
         Sewer |    548 |    548 |      0 |      0 |    338 |   1 |  548.0 |
               +--------+--------+--------+--------+--------+-----+--------+

Top non-repeatable levels by time:
     D:2: 691 daAuts
     D:5: 685 daAuts
     D:3: 683 daAuts
     D:1: 641 daAuts
     D:6: 573 daAuts
   Sewer: 548 daAuts
     D:4: 522 daAuts
     D:7: 396 daAuts
     D:8: 263 daAuts
